 Dungeon Crawl Stone Soup version 0.30.0-17-ge0270778cf (webtiles) character file.

Game seed: 14851740538434731994

280 tizbic2 the Shooter (level 6, -1/52 HPs)
             Began as a Minotaur Hunter on May 21, 2023.
             Was a Plaything of Xom.
             Succumbed to an orc wizard's poison
             ... on level 3 of the Dungeon.
             The game lasted 00:08:28 (1975 turns).

tizbic2 the Shooter (Minotaur Hunter)               Turns: 1975, Time: 00:08:29

Health: -1/52      AC: 12    Str: 13 (16) XL:     6   Next: 5%
Magic:  5/5        EV:  4    Int:  4 (6)  God:    Xom [......]
Gold:   136        SH:  0    Dex: 14 (15) Spells: 4/5 levels left

rFire   + . .        o - +0 falchion (holy)
rCold   . . .        (no shield)
rNeg    . . .        e - +0 plate armour {rF+}
rPois   .            (helmet restricted)
rElec   .            (no cloak)
rCorr   .            (no gloves)
SInv    .            s - +0 pair of boots
Will    .....        f - amulet of the acrobat Stlth
                     p - ring of flight
HPRegen 0.28/turn    (no ring)
MPRegen 0.09/turn

%: acrobat
@: brilliant, lethally poisoned (-1 -> -7), flying
A: horns 2, retaliatory headbutt
a: Renounce Religion


You were on level 3 of the Dungeon.
You worshipped Xom.
You were a very special plaything of Xom.
You visited 1 branch of the dungeon, and saw 3 of its levels.

You collected 136 gold pieces.

Inventory:

Hand Weapons
 a - a +0 dagger of draining
 h - a +0 hand axe
 n - a +0 trident
 o - a +0 falchion of holy wrath (weapon)
 w - a +0 shortbow
Armour
 e - a +0 plate armour of fire resistance (worn)
 s - a +0 pair of boots (worn)
Jewellery
 f - an amulet of the acrobat (around neck)
 p - a ring of flight (left hand)
Scrolls
 b - a scroll of immolation
 j - a scroll of acquirement {unknown}
 q - 3 scrolls of teleportation
 r - a scroll of identify
Potions
 d - a potion of haste
 i - a potion of might {unknown}
 l - a potion of resistance {unknown}
 m - a potion of berserk rage {unknown}


   Skills:
 + Level 4.3 Fighting
 * Level 6.4 Ranged Weapons
 + Level 3.1 Armour
 - Level 2.3 Dodging
 - Level 1.0 Stealth


You had 4 spell levels left.
You knew the following spells:

 Your Spells              Type           Power      Damage    Failure   Level
a - Sandblast             Erth           0%         2d4       100%        1

Your spell library contained the following spells:

 Spells                   Type           Power      Damage    Failure   Level
 Cigotuvi's Dreadful Rot  Necr/Pois/Air  0%         N/A       100%        2
 Passwall                 Tmut/Erth      0%         N/A       100%        2
 Ignite Poison            Fire/Tmut/Pois 0%         N/A       100%        3
 Stone Arrow              Conj/Erth      0%         3d7       100%        3
 Fireball                 Conj/Fire      0%         3d3       100%        5
 Freezing Cloud           Conj/Ice/Air   0%         6-21      100%        5
 Iskenderun's Battlesphe  Conj           0%         2d6       100%        5
 Conjure Ball Lightning   Conj/Air       0%         3x3d6     100%        6
 Orb of Destruction       Conj           0%         9d5       100%        7


Dungeon Overview and Level Annotations

Branches:
Dungeon (3/15)

Altars:
Xom

Shops:
D:2 =


Innate Abilities, Weirdness & Mutations

You have a pair of horns on your head.
You reflexively headbutt those who attack you in melee.


Message History

Your +0 falchion of holy wrath softly glows with a divine radiance!
o - a +0 falchion of holy wrath (weapon)
You feel sick. Something hits you but does no damage.
You are more poisoned.
The hound barely misses you.
You closely miss something. Your headbutt misses something.
You feel extremely sick. The hound bites you.
Something hits you but does no damage.
You are lethally poisoned!
You hit something.
Reactivating autopickup.
You feel a bit more experienced.
You feel extremely sick. The hound bites you.
* * * LOW HITPOINT WARNING * * *
The hound bites you but does no damage.
You have reached level 6!
* * * LOW HITPOINT WARNING * * *
You feel very sick. The hound barely misses you.
The hound attacks as you move away! The hound closely misses you.
You furiously retaliate!
You headbutt the hound.
* * * LOW HITPOINT WARNING * * *
You feel very sick.
You hit the hound but do no damage.
The hound is almost dead.
* * * LOW HITPOINT WARNING * * *
You feel very sick.
The hound bites you but does no damage. x2
It was a potion of brilliance.
You feel clever all of a sudden.
* * * LOW HITPOINT WARNING * * *
You feel sick. The hound bites you.
* * * LOW HITPOINT WARNING * * *
The hound bites you but does no damage.
It was a potion of degeneration.
There was something very wrong with that liquid.
You feel weakened.
You feel dopey.
You feel clumsy.
You die...
Xom howls with laughter!

......#######......# ...
......##.......##.......
.......................##.
####...........#####.#...
...#...............#.#.#
.#.#.#......######.#...#
.#.###......# #.#..###.
.#.# #############.#......
##.## #{h@..#.#.##. #..#
#.#####..... ##.#
#)........... #.#
##.........#. #.#
........... ###.#####
.#.#w#.#..# ........#
....... ........# .#.#.#.
###.....# .......


You could see a hound.

Vanquished Creatures
  An orc wizard (D:3)
  Natasha (thrice) (D:2)
  Robin (D:2)
  9 adders
  4 worms
  An orc (D:3)
  2 bats
  4 endoplasms
  A giant cockroach (D:1)
  16 goblins
  9 hobgoblins
  4 jackals (D:1)
  6 kobolds
  3 quokkas
  10 ball pythons
  3 frilled lizards
  4 rats
81 creatures vanquished.

Notes
Turn   | Place    | Note
-------+----------+-------------------------------------------
     0 | D:1      | tizbic2 the Minotaur Hunter began the quest for the Orb.
     0 | D:1      | Reached XP level 1. HP: 18/18 MP: 0/0
    24 | D:1      | Reached skill level 1 in Stealth
    54 | D:1      | Found a faded altar of an unknown god.
    59 | D:1      | Reached XP level 2. HP: 22/23 MP: 1/1
   106 | D:1      | Prayed at the altar of an unknown god.
   106 | D:1      | Became a worshipper of Xom of Chaos
   133 | D:1      | XOM: smoke on damage
   151 | D:1      | XOM: silly message
   201 | D:1      | Learned a level 1 spell: Sandblast
   299 | D:1      | Reached skill level 1 in Armour
   324 | D:1      | Reached XP level 3. HP: 31/31 MP: 2/2
   601 | D:1      | XOM: silly message
   629 | D:2      | Found Goumalid's Jewellery Shoppe.
   697 | D:2      | Reached skill level 5 in Ranged Weapons
   704 | D:2      | XOM: divination: detect items
   839 | D:2      | Noticed Natasha
   845 | D:2      | Killed Natasha
   846 | D:2      | Reached XP level 4. HP: 27/38 MP: 3/3
   879 | D:2      | XOM: scenery: 1 doors close
  1140 | D:2      | Reached XP level 5. HP: 42/46 MP: 4/4
  1159 | D:2      | Noticed Natasha
  1171 | D:2      | Killed Natasha
  1172 | D:2      | Reached skill level 6 in Ranged Weapons
  1297 | D:2      | Noticed Natasha
  1311 | D:2      | Killed Natasha
  1486 | D:2      | Noticed Robin
  1500 | D:2      | Killed Robin
  1609 | D:2      | XOM: silly message
  1971 | D:3      | Reached XP level 6. HP: 15/52 MP: 5/5
  1974 | D:3      | HP: 1/52 [hound (2)]
  1975 | D:3      | Succumbed to an orc wizard's poison

Illustrated notes

Levels and vault maps discovered:
D:1:      minmay_arrival_plants_in_alcoves, layout_rooms,
          hellmonk_ecumenical_altar_arch_garden, chequers_hall_statues_y,
          nicolae_wormholes
D:2:      minmay_diamond_boxcup, layout_basic, serial_shops, shop,
          minmay_snake_closets, uniq_robin, uniq_natasha
D:3:      gammafunk_steamed_eel, layout_rooms, serial_co_window_serial,
          co_window_of_opportunity_a, co_window_of_opportunity_a,
          co_window_of_opportunity_a, co_window_paths_b, co_window_paths_a,
          co_window_of_opportunity_c, co_window_corner_b, co_window_corner_b,
          co_window_cross_4, co_window_broadway_a, glass_columns_b,
          glass_columns_b, glass_columns_a, glass_columns_c,
          lightli_sewer_entry_pipes, minmay_misc_feat_hallway

Skill      XL: |  1  2  3  4  5 |
---------------+----------------+-----
Stealth        | 1 |  1.0
Fighting       | 3 4 |  4.3
Armour         | 1 2 3 |  3.1
Ranged Weapons | 5 6 |  6.4
Dodging        | |  2.3

Action                     |  1- 3 |  4- 6 || total
---------------------------+-------+-------++-------
  Melee: Dagger            |    35 |    17 ||    52
         Headbutt          |     6 |     7 ||    13
         Hand axe          |     5 |    23 ||    28
         Falchion          |       |     3 ||     3
   Fire: Shortbow          |    73 |    88 ||   161
    Use: Scroll            |     1 |     1 ||     2
         Potion            |       |     3 ||     3
 Armour: Leather armour    |    12 |       ||    12
         Plate armour      |    59 |   148 ||   207
  Dodge: Dodged            |    40 |    39 ||    79
